 Dungeon Crawl Stone Soup version 0.30-a0-1112-gfb780f5df6 (webtiles) character file.

Game seed: 169094223332944013

10 mandoloar the Shield-Bearer (level 2, 29/29 HPs)
             Began as a Gnoll Fighter on Apr 20, 2023.
             Quit the game on level 1 of the Dungeon.
             The game lasted 00:01:02 (761 turns).

mandoloar the Shield-Bearer (Gnoll Fighter)          Turns: 761, Time: 00:01:02

Health: 29/29      AC:  7    Str: 15    XL:     2   Next: 20%
Magic:  2/2        EV:  9    Int:  7    God:
Gold:   55         SH:  5    Dex: 11    Spells: 1/1 levels left

rFire   + . .      SeeInvis .    a - +0 war axe
rCold   + . .      Faith    .    c - +0 buckler
rNeg    . . .      Spirit   .    f - +0 scale mail
rPois   .          Reflect  .    (no helmet)
rElec   .          Rampage  .    h - scarf {rC+ rF+}
rCorr   .                        (no gloves)
Will    .....                    (no boots) Stlth
                                 (no amulet)
HPRegen 0.24/turn                (no ring)
MPRegen 0.08/turn                (no ring)

@: no status effects
A: fangs 1, strong nose, distributed training
a: no special abilities


You were on level 1 of the Dungeon.
You visited 1 branch of the dungeon, and saw 1 of its levels.

You collected 55 gold pieces.

Inventory:

Hand Weapons
 a - a +0 war axe (weapon)
 b - a +0 sling
Missiles
 e - 2 poisoned darts (quivered)
Armour
 c - a +0 buckler (worn)
 f - a +0 scale mail (worn)
 h - a scarf of resistance (worn)
Scrolls
 i - 2 scrolls of identify {unknown}
Potions
 d - 2 potions of might
 g - a potion of heal wounds {unknown}
 j - 2 potions of curing {unknown}


   Skills:
 + Level 6.4 Fighting
 + Level 0.3 Short Blades
 + Level 0.3 Long Blades
 + Level 4.4 Axes
 + Level 0.3 Maces & Flails
 + Level 0.3 Polearms
 + Level 0.3 Staves
 + Level 0.3 Ranged Weapons
 + Level 0.3 Throwing
 + Level 6.4 Armour
 + Level 0.3 Dodging
 + Level 0.3 Stealth
 + Level 6.4 Shields
 + Level 0.3 Unarmed Combat
 + Level 0.3 Spellcasting
 + Level 0.2 Conjurations
 + Level 0.2 Hexes
 + Level 0.2 Summonings
 + Level 0.2 Necromancy
 + Level 0.2 Translocations
 + Level 0.2 Transmutations
 + Level 0.2 Fire Magic
 + Level 0.2 Ice Magic
 + Level 0.2 Air Magic
 + Level 0.2 Earth Magic
 + Level 0.2 Poison Magic
 + Level 0.4 Invocations
 + Level 0.3 Evocations


You had one spell level left.
You didn't know any spells.
Your spell library was empty.

Dungeon Overview and Level Annotations

Branches:
Dungeon (1/15)

Altars:


Innate Abilities, Weirdness & Mutations

You have very sharp teeth.
Your uncanny sense of smell can sniff out nearby items.
Your experience applies equally to all skills.


Message History

a +0 dagger; a goblin corpse
There is an open door here.
There is an open door here.
A giant cockroach comes into view.
Found a scroll labelled ACKOMN CAWN.
The giant cockroach bites you but does no damage.
You closely miss the giant cockroach.
The giant cockroach bites you but does no damage.
The giant cockroach barely misses you.
You hit the giant cockroach but do no damage.
Your bite misses the giant cockroach. The giant cockroach closely misses you.
You slash the giant cockroach!
You kill the giant cockroach!
A rat comes into view.
A rat is nearby!
You hit the rat.
You kill the rat!
No target in view!
i - a scroll labelled ACKOMN CAWN You open the door.
There is an open door here.
j - 2 clear potions
i - 2 scrolls labelled ACKOMN CAWN (gained 1) As you open the door, it creaks loudly!
Found a dagger.
There is an open door here.
You see here a +0 dagger.
You now have 40 gold pieces (gained 8).
A ball python comes into view.
The ball python hisses angrily.
The ball python bites you. You block the ball python's attack. x2
The ball python closely misses you.
You hit the ball python.
You kill the ball python!
You now have 49 gold pieces (gained 9).
You now have 55 gold pieces (gained 6).
A hobgoblin comes into view.
The hobgoblin shouts!
Unknown command.
Are you sure you want to abandon this character and quit the game? (Confirm with "yes".)

#.###.#.####.#
#.....
#............#
#.....
#####.########
#..... #.#
##...( #.#
#^... ####.###
#..[. #......#
##.(. #.##.#.#
#... # #.#@#
##..
#...........
#..
#.g....#######
##. #...#..#
## ....###.# #
#### .## #


You could see a hobgoblin.

Vanquished Creatures
  A ball python (D:1)
  A bat (D:1)
  A giant cockroach (D:1)
  A goblin (D:1)
  A hobgoblin (D:1)
  2 quokkas (D:1)
  A rat (D:1)
8 creatures vanquished.

Notes
Turn   | Place    | Note
-------+----------+-------------------------------------------
     0 | D:1      | mandoloar the Gnoll Fighter began the quest for the Orb.
     0 | D:1      | Reached XP level 1. HP: 23/23 MP: 1/1
   559 | D:1      | Reached XP level 2. HP: 27/29 MP: 2/2
   761 | D:1      | Quit the game

Illustrated notes

Levels and vault maps discovered:
D:1:      dpeg_arrival_snail, layout_loops_corners

Action                     || total
---------------------------++-------
  Melee: War axe           ||    19
         Bite              ||     1
  Throw: Dart              ||     1
 Armour: Scale mail        ||    11
  Dodge: Dodged            ||    14
  Block: Buckler           ||     6

Table legend: (Time is in decaauts)
 A = Elapsed time spent in this place.
 B = Non-inter-level travel time spent in this place.
 C = Inter-level travel time spent in this place.
 D = Time resting spent in this place.
 E = Time spent auto-exploring this place.
 F = Levels seen in this place.
 G = Mean time per level.
                   A        B        C        D        E       F      G
               +--------+--------+--------+--------+--------+-----+--------+
         Total |    766 |    766 |      0 |    308 |    377 |   1 |  766.0 |
       Dungeon |    766 |    766 |      0 |    308 |    377 |   1 |  766.0 |
               +--------+--------+--------+--------+--------+-----+--------+

Top non-repeatable levels by time:
     D:1: 766 daAuts
